 Dungeon Crawl Stone Soup version 0.14-a0-586-g2535b90 (webtiles) character file.

765 Malachi the Firebug (level 7, -2/55 HPs)
             Began as a Naga Fire Elementalist on Nov 3, 2013.
             Slain by a worker ant (5 damage)
             ... on Level 4 of the Dungeon.
             The game lasted 00:14:27 (6132 turns).

Malachi the Firebug (Naga Fire Elementalist)        Turns: 6132, Time: 00:14:29

HP  -2/55        AC  4     Str 10      XL: 7   Next: 15%
MP   0/12        EV 10     Int 17      God:
Gold 272         SH  0     Dex 12      Spells:  3 memorised,  3 levels left

Res.Fire  : + . .   See Invis. : +   f - +2,+0 elf dagger
Res.Cold  : . . .   Warding    : .   a - +0 robe
Life Prot.: . . .   Conserve   : .   (no shield)
Res.Poison: +       Res.Corr.  : .   (no helmet)
Res.Elec. : .       Clarity    : .   (no cloak)
Sust.Abil.: . .     Spirit.Shd : .   m - +0 pair of dwarf gloves
Res.Mut.  : .       Stasis     : .   (no barding)
Res.Rott. : .       Flight     : .   (no amulet)
Saprovore : . . .                    r - ring of protection from fire
                                     g - ring of protection from magic

@: short of breath, hasted, quick, quite resistant to hostile enchantments,
stealthy
A: spit poison, see invisible, deformed body, poison resistance, slowness 2, AC
+2
a: Spit Poison


You were on level 4 of the Dungeon.
You were hungry.

You visited 2 branches of the dungeon, and saw 6 of its levels.

You collected 272 gold pieces.

Inventory:

Hand weapons
 f - a +2,+0 elven dagger (weapon)
 n - a +0,+0 spear
Armour
 a - a +0 robe (worn)
 m - a +0 pair of dwarven gloves (worn)
 w - the -2 ring mail "Ruekeoj" {+Rage +Fly rF++ SInv}
   (You found it on level 4 of the Dungeon)

   It greatly protects you from fire.
   It enhances your eyesight.
   It lets you fly.
   It lets you go berserk.
Comestibles
 c - a bread ration
 v - a chunk of hobgoblin flesh
Scrolls
 e - a scroll of noise
 i - a scroll of remove curse
 k - a scroll of identify
 o - a scroll of fog {unknown}
 p - a scroll of curse jewellery {unknown}
 q - a scroll of teleportation {unknown}
 s - 2 scrolls of curse armour {unknown}
 u - a scroll of recharging {unknown}
Jewellery
 g - a ring of protection from magic (left hand)
 r - a ring of protection from fire (right hand)
Potions
 d - a potion of experience {unknown}
 h - a potion of speed
 j - a potion of heal wounds {unknown}
 l - a potion of curing {unknown}
 t - a potion of brilliance {unknown}
Books
 b - a book of Flames

   Spells                             Type                      Level
   *Flame Tongue                      Conjuration/Fire             1
   *Throw Flame                       Conjuration/Fire             2
   Conjure Flame                      Conjuration/Fire             3
   Inner Flame                        Hexes/Fire                   3
   *Sticky Flame                      Conjuration/Fire             4
   Fireball                           Conjuration/Fire             5


   Skills:
 - Level 0.2 Fighting
 + Level 2.7 Dodging
 + Level 4.2 Stealth
 - Level 2.1 Spellcasting
 + Level 3.2 Conjurations
 * Level 5.8 Fire Magic


You had 3 spell levels left.
You knew the following spells:

 Your Spells              Type           Power        Failure   Level  Hunger
a - Flame Tongue          Conj/Fire      ###..        2%          1    #......
b - Throw Flame           Conj/Fire      ###...       4%          2    ##.....
c - Sticky Flame          Conj/Fire      ###.....     30%         4    #####..


Dungeon Overview and Level Annotations

Branches:
Dungeon (5/27)             Temple (1/1) D:4

Altars:
Ashenzari
Cheibriados
Elyvilon
Fedhas
Makhleb
Nemelex Xobeh
Okawaru
Trog
Vehumet
Xom
Yredelemnul
Zin
the Shining One


Innate Abilities, Weirdness & Mutations

You cannot wear boots.
You can spit poison.
Your serpentine skin is tough (AC +2).
You have supernaturally acute eyesight.
Armour fits poorly on your strangely shaped body.
Your system is resistant to poisons.
You cover ground very slowly.


Message History

Press: ? - help, Shift-Dir - straight line, f/p - worker ant
Aim: a worker ant (severely wounded)
The flame misses the worker ant.
The worker ant bites you but does no damage.
The giant gecko bites you.
* * * LOW HITPOINT WARNING * * *
Casting: Flame Tongue
Confirm with . or Enter, or press ? or * to list all spells.
You don't have enough magic to cast that spell.
Unknown command.
Read which item? (? for menu, Esc to quit)
Okay, then.
Drink which item? (? for menu, Esc to quit)
You feel yourself speed up.
It was a potion of speed.
The worker ant bites you!
* * * LOW HITPOINT WARNING * * *
The giant gecko hisses menacingly.
The giant gecko bites you.
* * * LOW HITPOINT WARNING * * *
The worker ant bites you.
You die...

###. ####### #... #.....#
####### #.#. #.....#######
#.....# #.#.
#...........###.###.# #.##
#.....####...##.###.# #.#
#.................#.## #.#
#####.##.###.)a.###....####.#
#.<......# ##@l.# #.....[...#
##.##...########.###).(.#######
#...........####..)).#......<..
#..##...###.....)..#######.####
#..###.## #.######).# #.# #..#
#.# #.# ##.# #.# #..###.# #.#
#.# #.# #......# #.# #.# #.####
#.###.## #.# #.# #.....


You could see a worker ant and a giant gecko.

Vanquished Creatures
  An ogre (D:4)
  A hippogriff skeleton (D:4)
  An orc priest (D:4)
  2 scorpions (D:4)
  A jelly (D:4)
  An orc wizard (D:3)
  A hound skeleton (D:4)
  4 adders
  6 gnolls
  A worm (D:4)
  4 giant geckos
  3 oozes
  14 orcs
  2 ball pythons
  3 giant cockroaches
  8 goblins
  13 hobgoblins
  3 jackals (D:1)
  A quokka (D:4)
  10 bats
  A giant newt (D:1)
  9 kobolds
  8 rats
98 creatures vanquished.

Vanquished Creatures (others)
  A wizard (D:3)
1 creature vanquished.

Grand Total: 99 creatures vanquished

Notes
Turn   | Place    | Note
--------------------------------------------------------------
     0 | D:1      | Malachi, the Naga Fire Elementalist, began the quest for the Orb.
     0 | D:1      | Reached XP level 1. HP: 15/15 MP: 3/3
     0 | D:1      | Noticed a giant frog
     9 | D:1      | Noticed a spiny frog
    10 | D:1      | Noticed a giant frog
   200 | D:1      | Reached XP level 2. HP: 5/22 MP: 0/4
   689 | D:1      | Learned a level 2 spell: Throw Flame
   860 | D:1      | Reached XP level 3. HP: 25/28 MP: 0/5
  1451 | D:2      | Found a shattered altar of Ashenzari.
  1620 | D:2      | Found an iron altar of Okawaru.
  2203 | D:3      | Found a bloodstained altar of Trog.
  2203 | D:3      | Noticed a wizard
  2208 | D:3      | Killed a wizard
  2245 | D:3      | Found a shimmering altar of Xom.
  2679 | D:3      | Reached skill level 4 in Fire Magic
  2679 | D:3      | Reached XP level 4. HP: 20/36 MP: 0/7
  3385 | D:3      | Reached XP level 5. HP: 42/42 MP: 6/9
  3912 | D:4      | Noticed an ogre
  3921 | D:4      | Killed an ogre
  3921 | D:4      | Reached XP level 6. HP: 49/49 MP: 1/11
  4155 | D:4      | Reached skill level 5 in Fire Magic
  4337 | D:4      | Found a blossoming altar of Fedhas.
  4385 | D:4      | Found a glowing silver altar of Zin.
  4905 | D:4      | Found a staircase to the Ecumenical Temple.
  5018 | Temple   | Entered the Ecumenical Temple
  5066 | D:4      | Noticed a phantom
  5078 | D:5      | Entered Level 5 of the Dungeon
  5163 | D:5      | Learned a level 4 spell: Sticky Flame
  5545 | D:4      | Reached XP level 7. HP: 34/55 MP: 7/12
  5867 | D:4      | Got a garnet-encrusted ring mail
  6007 | D:4      | Identified the -2 ring mail "Ruekeoj" {+Rage +Fly rF++ SInv} (You found it on level 4 of the Dungeon)
  6132 | D:4      | Slain by a worker ant

Action                   |  1- 3 |  4- 6 |  7- 9 || total
-------------------------+-------+-------+-------++-------
Melee: Unarmed           |     5 |       |       ||     5
       Short sword       |    12 |       |       ||    12
       Long sword        |     1 |       |       ||     1
       Spear             |       |    14 |       ||    14
       Dagger            |       |    13 |    18 ||    31
 Cast: Flame Tongue      |    62 |   112 |    30 ||   204
       Throw Flame       |     1 |     6 |     8 ||    15
       Sticky Flame      |       |     3 |       ||     3
 Abil: Spit Poison       |     8 |    13 |     5 ||    26
  Use: Scroll            |     2 |     4 |       ||     6
       Potion            |       |       |     1 ||     1
 Stab: Sleeping          |       |     3 |     1 ||     4
